 Dungeon Crawl Stone Soup version 0.28.0-53-g5a82cb258f (webtiles) character file.

Game seed: 4929607663538994115

20 roboicarus the Vexing (level 2, 0/16 HPs)
             Began as a Deep Elf Arcane Marksman on May 31, 2022.
             Slain by a jackal (1 damage)
             ... on level 1 of the Dungeon.
             The game lasted 00:02:05 (252 turns).

roboicarus the Vexing (Deep Elf Arcane Marksman)     Turns: 252, Time: 00:02:06

Health: 0/16       AC:  2    Str:  7    XL:     2   Next: 58%
Magic:  7/7        EV: 13    Int: 17    God:
Gold:   25         SH:  0    Dex: 15    Spells: 4/5 levels left

rFire   . . .      SeeInvis .   a - +0 shortbow
rCold   . . .      Faith    .   (shield currently unavailable)
rNeg    . . .      Spirit   .   d - +0 robe
rPois   .          Reflect  .   (no helmet)
rElec   .          Harm     .   (no cloak)
rCorr   .          Rampage  .   (no gloves)
Will    .....                   (no boots)
Stlth   +.........              (no amulet)
HPRegen 0.05/turn               (no ring)
MPRegen 0.10/turn               (no ring)

@: no status effects
A: no striking features
a: no special abilities


You were on level 1 of the Dungeon.
You visited 1 branch of the dungeon, and saw 1 of its levels.

You collected 25 gold pieces.

Inventory:

Hand Weapons
 a - a +0 shortbow (weapon)
Missiles
 c - 3 arrows (quivered ammo)
Armour
 d - a +0 robe (worn)


   Skills:
 + Level 1.1 Fighting
 + Level 3.1 Bows
 + Level 2.8 Dodging
 + Level 2.1 Spellcasting
 + Level 4.2 Hexes


You had 4 spell levels left.
You knew the following spells:

 Your Spells              Type           Power      Damage    Failure   Level
a - Slow                  Hex            64%        N/A       3%          1

Your spell library contained the following spells:

 Spells                   Type           Power      Damage    Failure   Level
 Inner Flame              Hex/Fire       9%         N/A       24%         3
 Portal Projectile        Hex/Tloc       18%        N/A       24%         3
 Summon Guardian Golem    Hex/Summ       9%         N/A       24%         3
 Cause Fear               Hex            8%         N/A       32%         4
 Summon Forest            Summ/Tloc      0%         N/A       99%         5
 Eringya's Noxious Bog    Tmut/Pois      0%         N/A       100%        6
 Orb of Destruction       Conj           0%         9d5       100%        7
 Spellforged Servitor     Conj/Summ      0%         N/A       100%        7
 Summon Hydra             Summ           0%         N/A       100%        7


Dungeon Overview and Level Annotations

Branches:
Dungeon (1/15)

Altars:


Message History

The jackal is heavily wounded.
The jackal barely misses you.
You shoot an arrow. The arrow hits the jackal.
You kill the jackal!
The jackal closely misses you.
You shoot an arrow. The arrow hits the jackal.
The jackal is heavily wounded.
The jackal barely misses you.
A jackal comes into view.
You shoot an arrow. The arrow barely misses the jackal.
The arrow hits the jackal!
You kill the jackal!
The jackal bites you but does no damage.
The jackal bites you.
You shoot an arrow. The arrow barely misses the jackal.
The jackal closely misses you. The kobold closely misses you.
You shoot an arrow. The arrow barely misses the jackal.
The jackal bites you. The kobold misses you.
The jackal bites you but does no damage.
The dart slug bites you.
You shoot an arrow. The arrow barely misses the jackal.
The kobold closely misses you.
The jackal bites you but does no damage.
A dart slug comes into view.
The kobold barely misses you. The jackal bites you.
You shoot an arrow. The arrow barely misses the jackal.
The dart slug bites you but does no damage.
The jackal bites you. The kobold barely misses you.
You shoot an arrow. The arrow hits the jackal.
You kill the jackal!
The jackal bites you. The jackal barely misses you. The dart slug bites you.
The dart slug launches a dart at you. The slug dart hits you.
* * * LOW HITPOINT WARNING * * *
The kobold closely misses you.
You aren't carrying any scrolls.
You aren't carrying any potions.
A hobgoblin comes into view.
The kobold closely misses you. The jackal bites you.
You die...

.########........##
### #### ...#
#.........#
##.######.........#
.....>.##....÷....#
###.##............###
#...................
##................##.
........#.........#
.....#..#.......@.#
.(...##.##...†.Kh##
.....##........w..#
.....###......(.....#
...........(.(...##.#
#....###..(...........
#..#..
##...(....##.#..
........(((#w....(
...#
#.........((.###.#.
(g.


You could see 2 dart slugs, a jackal and a kobold.

Vanquished Creatures
  A dart slug (D:1)
  A bat (D:1)
  An endoplasm (D:1)
  A giant cockroach (D:1)
  A hobgoblin (D:1)
  4 jackals (D:1)
  A kobold (D:1)
  A quokka (D:1)
  4 ball pythons (D:1)
15 creatures vanquished.

Notes
Turn   | Place    | Note
-------+----------+-------------------------------------------
     0 | D:1      | roboicarus the Deep Elf Arcane Marksman began the quest for
                  | the Orb.
     0 | D:1      | Reached XP level 1. HP: 11/11 MP: 5/5
    62 | D:1      | Reached skill level 1 in Fighting
   101 | D:1      | Reached XP level 2. HP: 11/16 MP: 6/6
   252 | D:1      | Slain by a jackal

Illustrated notes

Levels and vault maps discovered:
D:1:      lightli_arrival_windingriver, layout_rooms, serial_glass,
          glass_columns_a, glass_columns_a, ebering_ecumenical_altar_box,
          hangedman_decor_points, minmay_hexomino_r4

Skill      XL: |  1  2 |
---------------+-------+-----
Fighting       | 1 |  1.1
Bows           | 3 |  3.1
Spellcasting   | 2 |  2.1
Dodging        | |  2.8
Hexes          | |  4.2

Action                   || total
-------------------------++-------
 Fire: Shortbow          ||    47
Armor: Robe              ||     5
Dodge: Dodged            ||    15
